 Dungeon Crawl Stone Soup version 0.31.0-11-ge490571c62 (console) character file.

Game seed: 3664027845299393625

2484905 erker the Warrior (level 23, 218/218 HPs)
             Began as a Minotaur Fighter on Jan 26, 2024.
             Was the Champion of Okawaru.
             Escaped with the Orb
             ... and 3 runes
             ... and 4 gems on Jan 27, 2024!
             The game lasted 04:18:03 (41556 turns).

erker the Warrior (Minotaur Fighter)               Turns: 41556, Time: 04:18:04

Health: 218/218    AC: 38    Str: 46    XL:     23   Next: 25%
Magic:  31/31      EV: 17    Int:  3    God:    Okawaru [******]
Gold:   1489       SH: 17    Dex: 12    Spells: 22/22 levels left

rFire   + + +        a - +9 broad axe (vamp)
rCold   + . .        T - +2 kite shield {reflect}
rNeg    . . .        U - +10 plate armour of Okawaru's Displeasure {rPois rF+++ Int-4 Slay+3}
rPois   +            A - +0 mask of the Dragon {Will+ Slay+3 SInv}
rElec   +            i - +2 cloak "Jybraja" {rElec Will+ Str+4}
rCorr   .            C - +3 pair of gauntlets of War {Slay+5}
SInv    +            r - +2 pair of boots
Will    ++++.        l - amulet of the acrobat Stlth
                     o - ring "Poamamym" {rC+ Str+6}
HPRegen 0.56/turn    c - ring of the Everdark {Will+ Str+6 Int+2 Slay+3}
MPRegen 0.22/turn

%: reflection, acrobat
@: studying 4 skills
A: horns 2, retaliatory headbutt, deformed body, shaggy fur 1
0: Orb of Zot
}: 3/15 runes: barnacled, silver, gossamer
a: Renounce Religion, Heroism, Finesse, Duel, Receive Weapon


You escaped.
You worshipped Okawaru.
Okawaru was exalted by your worship.
You visited 9 branches of the dungeon, and saw 45 of its levels.
You also visited: Bailey, Ice Cave, Wizlab and Desolation.

You collected 4507 gold pieces.
You spent 3018 gold pieces at shops.

Inventory:

Hand Weapons
 a - a +9 vampiric broad axe (weapon)
 b - a +5 spectral broad axe
 B - a +3 broad axe of flaming
Missiles
 E - 76 boomerangs (quivered)
 I - a curare-tipped dart
 V - 25 atropa-tipped darts
 W - 2 poisoned darts
 Y - 13 silver javelins
 Z - 5 throwing nets
Armour
 i - the +2 cloak "Jybraja" (worn) {rElec Will+ Str+4}
   (You acquired it on level 4 of the Lair of Beasts)

   Str+4:     It affects your strength (+4).
   rElec:     It insulates you from electricity.
   Will+:     It increases your willpower.
 q - +2 gold dragon scales
 r - a +2 pair of boots (worn)
 v - the +0 hat of Action {rCorr}
   (You found it on level 4 of the Spider Nest)

   rCorr:     It protects you from acid and corrosion.
 A - the +0 mask of the Dragon (worn) {Will+ Slay+3 SInv}
   (You bought it in a shop on level 2 of the Orcish Mines)

   Slay+3:    It affects your accuracy & damage with ranged weapons and melee
   (+3).
   Will+:     It increases your willpower.
   SInv:      It lets you see invisible.
 C - the +3 pair of gauntlets of War (worn) {Slay+5}
   (You bought it in a shop on level 1 of the Dungeon)

   Slay+5:    It affects your accuracy & damage with ranged weapons and melee
   (+5).
 F - the +3 Mad Mage's Maulers {Infuse+∞ VampMP -Cast}
   (You found it in a wizard's laboratory)

   Infuse+∞: It empowers its wearer's blows with all of their magic.
   VampMP:    Blows struck in melee replenish the wearer's magic.
   -Cast:     It prevents spellcasting.
 T - a +2 kite shield of reflection (worn)
 U - the +10 plate armour of Okawaru's Displeasure (worn) {rPois rF+++ Int-4 Slay+3}
   (Okawaru gifted it to you on level 1 of the Spider Nest)

   Int-4:     It affects your intelligence (-4).
   Slay+3:    It affects your accuracy & damage with ranged weapons and melee
   (+3).
   rF+++:     It renders you almost immune to fire.
   rPois:     It protects you from poison
Jewellery
 c - the ring of the Everdark (right hand) {Will+ Str+6 Int+2 Slay+3}
   (You found it on level 5 of the Vaults)

   [ring of strength]

   Str+6:     It affects your strength (+6).
   Int+2:     It affects your intelligence (+2).
   Slay+3:    It affects your accuracy & damage with ranged weapons and melee
   (+3).
   Will+:     It increases your willpower.
 g - the ring "Zehel" {rPois Will+ Int+6}
   (You found it on level 4 of the Shoals)

   [ring of intelligence]

   Int+6:     It affects your intelligence (+6).
   rPois:     It protects you from poison Will+: It increases your willpower.
 l - an amulet of the acrobat (around neck)
 m - an amulet of reflection
 o - the ring "Poamamym" (left hand) {rC+ Str+6}
   (You found it in the Desolation of Salt)

   [ring of strength]

   Str+6:     It affects your strength (+6).
   rC+:       It protects you from cold.
 x - the ring of the Mauling Ancients {Fly rF+ SInv}
   (You found it on level 13 of the Dungeon)

   [ring of flight]

   rF+:       It protects you from fire.
   SInv:      It lets you see invisible.
   Fly:       It grants you flight.
 M - a ring of positive energy
 P - the ring of Nehixteq {rPois Str+5 Int+6 Stlth-}
   (You found it in the Desolation of Salt)

   [ring of intelligence]

   Str+5:     It affects your strength (+5).
   Int+6:     It affects your intelligence (+6).
   rPois:     It protects you from poison Stlth-: It makes you less stealthy.
Wands
 s - a wand of polymorph (9)
 D - a wand of digging (15)
 J - a wand of paralysis (45)
 N - a wand of quicksilver (9)
 O - a wand of roots (48)
Scrolls
 f - 3 scrolls of blinking
 j - 8 scrolls of identify
 n - 6 scrolls of fog
 w - 5 scrolls of vulnerability
 y - 13 scrolls of teleportation
 L - 9 scrolls of fear
 Q - 8 scrolls of poison
 R - a scroll of brand weapon
Potions
 d - 5 potions of might
 e - 10 potions of attraction
 h - 2 potions of cancellation
 k - 3 potions of heal wounds
 t - 4 potions of enlightenment
 u - 14 potions of curing
 z - 7 potions of ambrosia
 G - 2 potions of resistance
 H - 9 potions of invisibility
 K - 3 potions of mutation
 S - 2 potions of haste
Miscellaneous
 p - a condenser vane


   Skills:
 + Level 20.8 Fighting
 - Level 8.8 Long Blades
 + Level 20.8 Axes
 - Level 12.0 Throwing
 + Level 20.8 Armour
 + Level 20.3 Dodging
 - Level 6.0 Stealth
 + Level 20.7 Shields
 - Level 12.0 Invocations
 - Level 10.0 Evocations


You had 22 spell levels left.
You didn't know any spells.
Your spell library contained the following spells:

 Spells                   Type           Power      Damage    Failure   Level
 Apportation              Tloc           0%         N/A       86%         1
 Foxfire                  Conj/Fire      0%         2x1d4     86%         1
 Freeze                   Ice            0%         1d3       86%         1
 Kiss of Death            Conj/Necr      0%         2d5       86%         1
 Magic Dart               Conj           0%         1d3       86%         1
 Necrotise                Necr           0%         1d4       86%         1
 Shock                    Conj/Air       0%         1d3       86%         1
 Sting                    Conj/Alch      0%         1d3       86%         1
 Blink                    Tloc           0%         N/A       95%         2
 Cigotuvi's Dreadful Rot  Necr/Alch/Air  0%         N/A       95%         2
 Ensorcelled Hibernation  Hex/Ice        0%         N/A       95%         2
 Jinxbite                 Hex            0%         N/A       95%         2
 Scorch                   Fire           0%         2d5       95%         2
 Sublimation of Blood     Necr           0%         N/A       95%         2
 Confusing Touch          Hex            0%         N/A       99%         3
 Frozen Ramparts          Ice            0%         1d1       99%         3
 Fugue of the Fallen      Necr           0%         N/A       99%         3
 Hailstorm                Conj/Ice       0%         3d5       99%         3
 Inner Flame              Hex/Fire       0%         N/A       99%         3
 Ozocubu's Armour         Ice            0%         N/A       99%         3
 Passwall                 Erth           0%         N/A       99%         3
 Stone Arrow              Conj/Erth      0%         3d7       99%         3
 Swiftness                Air            0%         N/A       99%         3
 Volatile Blastmotes      Fire/Tloc      0%         2d10      99%         3
 Airstrike                Air            0%         2d(0-16)  100%        4
 Anguish                  Hex/Necr       0%         N/A       100%        4
 Brom's Barrelling Bould  Conj/Erth      0%         2d3       100%        4
 Dispel Undead            Necr           0%         3d6       100%        4
 Flame Wave               Conj/Fire      0%         2d4       100%        4
 Fulminant Prism          Conj/Alch      0%         3d5       100%        4
 Iskenderun's Mystic Bla  Conj/Tloc      0%         2d3       100%        4
 Leda's Liquefaction      Alch/Erth      0%         N/A       100%        4
 Manifold Assault         Tloc           0%         N/A       100%        4
 Petrify                  Alch/Erth      0%         N/A       100%        4
 Sticky Flame             Fire/Alch      0%         2d4       100%        4
 Alistair's Intoxication  Alch           0%         N/A       100%        5
 Curse of Agony           Necr           0%         N/A       100%        5
 Fireball                 Conj/Fire      0%         3d3       100%        5
 Iskenderun's Battlesphe  Conj           0%         2d6       100%        5
 Metabolic Englaciation   Hex/Ice        0%         N/A       100%        5
 Bombard                  Conj/Erth      0%         9d1       100%        6
 Conjure Ball Lightning   Conj/Air       0%         3x3d6     100%        6
 Plasma Beam              Fire/Air       0%         2x1d10    100%        6
 Starburst                Conj/Fire      0%         6d3       100%        6
 Orb of Destruction       Conj           0%         9d5       100%        7
 Discord                  Hex            0%         N/A       100%        8
 Disjunction              Tloc           0%         N/A       100%        8
 Lehudib's Crystal Spear  Conj/Erth      0%         10d2      100%        8
 Summon Small Mammal      Summ           Unusable   N/A       N/A         1
 Call Imp                 Summ           Unusable   N/A       N/A         2
 Animate Armour           Summ/Erth      Unusable   N/A       N/A         4
 Martyr's Knell           Necr/Summ      Unusable   N/A       N/A         4
 Summon Mana Viper        Hex/Summ       Unusable   N/A       N/A         5
 Summon Cactus Giant      Summ           Unusable   N/A       N/A         6
 Spellforged Servitor     Conj/Summ      Unusable   N/A       N/A         7

Dungeon Overview and Level Annotations

Branches:
Dungeon (15/15)            Temple (1/1) D:7            Lair (5/5) D:9
 Shoals (4/4) Lair:3       Spider (4/4) Lair:3        Slime (0/5) Lair:5
    Orc (2/2) D:9             Elf (0/3) Orc:2        Vaults (5/5) D:14
  Crypt (0/3) Vaults:2     Depths (4/4) D:15            Zot (5/5) Depths:4
 Bailey (visited)           IceCv (visited)          WizLab (visited)
Desolation (visited)

Altars:
Ashenzari
Cheibriados
Dithmenos
Elyvilon
Fedhas
Gozag
Hepliaklqana
Kikubaaqudgha
Makhleb
Nemelex Xobeh
Okawaru
Qazlal
Ru
Sif Muna
Trog
Uskayaw
Vehumet
Wu Jian
Xom
Yredelemnul
Zin
The Shining One

Shops:
D:1 [   D:9 !   D:14 (?*[   Orc:2 !:*[   Vaults:3 !   Vaults:5 !

Portals:
Hell: Depths:4
Pandemonium: Depths:4

Annotations:
Lair:2 Fannar
Depths:2 exclusion: orange crystal statue
Depths:4 exclusion: door
Zot:5 exclusions: obsidian statue, 2 upstairs and 4 more exclusions


Innate Abilities, Weirdness & Mutations

You have a pair of horns on your head.
You reflexively headbutt those who attack you in melee.
Armour fits poorly on your strangely shaped body.
You are covered in fur. (AC +1)


Message History

The hell hound breathes flames at you. The blast of flame misses you.
You hit the hell hound. You headbutt the hell hound.
You kill the hell hound!
Okawaru accepts your kill.
You slash the hell hound!
Your +5 spectral broad axe hits the hell hound.
You block the hell hound's attack.
You slice the hell hound like a ripe choko!!!
You kill the hell hound!
Okawaru accepts your kill.
Your +5 spectral broad axe disappears.
No target in view!
(D) Dungeon (T) Temple (L) Lair (A) Shoals (N) Spider Nest (M) Slime Pits (O) Orcish Mines (E) Elven Halls (V) Vaults (C) Crypt (U) Depths (H) Hell (Z) Zot
Where to? (Tab/Enter - D:4 @ (x,y), ? - help)
There is a stone staircase leading up here.
You climb upwards.
There is a stone staircase leading down here.
You can't go up here!
There is a stone staircase leading up here.
You climb upwards.
There is a stone staircase leading down here.
A chaos spawn comes into view.
An Executioner comes into view.
There is a stone staircase leading up here.
The Executioner gestures.
The Executioner seems to speed up.
You climb upwards.
There is a stone staircase leading down here.
There is an open door here.
As you open the door, it creaks loudly!
There is an open door here.
You see here a +0 leather armour.
There is a staircase leading out of the dungeon here.
You feel a sense of dread.
a - a +9 vampiric broad axe (weapon)
You have escaped!

####~P~~~#.......#
###.#.......#.
##~P~.#...)...#
#...........#.
######.......#
#.##.###......
######..# #.##.#
#...... ##'###'##.#
#...... #...#...#.#
#...#..
#...#.>.#.###...#.[
#...#...#..####.#.#
#.@.#.>.##..###.#..
#.[.#...###......##
#...#.>.# #.###....
#...#...###.# #....
##'###'###.∩# #####
#..........# #
##################
#...... #.....#


There were no monsters in sight!

Vanquished Creatures
  3 dread liches
  4 ancient liches
  2 orbs of fire
  A juggernaut (Depths:4)
  A Killer Klown (Zot:5)
  Parghit (Zot:1)
  2 curse toes
  8 golden dragons
  2 electric golems
  7 tentacled monstrosities
  Jorgrun (Orc:2)
  An Ice Fiend (Depths:2)
  18 Orb Guardians (Zot:5)
  Asterion (Spider:4)
  2 quicksilver dragons
  A sphinx (Vaults:5)
  3 titans (Vaults:5)
  5 death cobs
  Polyphemus (Shoals:4)
  An Executioner (D:15)
  6 shadow dragons
  5 storm dragons
  7 tengu reavers
  Donald (Orc:2)
  The ghost of Daviar the Severer, a journeyman MiBe of Trog (D:14)
  2 draconian knights
  7 fire giants
  8 frost giants
  4 iron dragons
  7 emperor scorpions
  5 draconian shifters
  4 imperial myrmidons (Desolation)
  A deep elf sorcerer (Vaults:5)
  5 ghost moths
  An angel (WizLab)
  9 vault wardens
  A draconian scorcher (Zot:1)
  An orc warlord (Bailey)
  10 ironbound preservers
  9 broodmothers
  9 very ugly things
  A vampire knight (Depths:1)
  2 draconian stormcallers (Zot:2)
  10 stone giants
  7 ironbound thunderhulks
  A green draconian (Zot:3)
  8 black draconians
  The ghost of lDtest the Summoner, a journeyman DsEE of Ashenzari (Lair:5)
  4 white draconians (Zot:1)
  A lorocyproca (D:9)
  5 red draconians
  10 spark wasps
  A deep elf annihilator (Vaults:5)
  A wendigo (Depths:3)
  3 yellow draconians
  2 war gargoyles
  5 dire elephants
  3 purple draconians
  The ghost of Kaofid the Geomancer, a journeyman GrEE of Vehumet (Lair:5)
  The ghost of Wolly the Skirmisher, a journeyman CeHs of Okawaru (Lair:5)
  7 crystal guardians
  8 ettins
  9 merfolk impalers
  Snorg (Orc:2)
  2 fire dragons (Depths:1)
  4 merfolk javelineers
  4 entropy weavers
  Josephine (D:9)
  6 yaktaur captains
  10 ragged hierophants (Desolation)
  A hell beast (Depths:4)
  The ghost of Nattefrost the Spear-Bearer, a journeyman MfBe of Trog (D:9)
  A deep elf high priest (Vaults:5)
  A juggernaut simulacrum (Depths:2)
  7 servants of whispers (Desolation)
  A great orb of eyes (Vaults:2)
  A caustic shrike simulacrum (Depths:2)
  5 hydras
  3 radroaches
  12 ice dragons
  4 jorogumos
  2 ogre magi (Vaults:5)
  28 vault guards
  4 ironbound frosthearts
  A death knight (Vaults:2)
  A spriggan air mage (Depths:1)
  19 peacekeepers
  4 merfolk aquamancers (Shoals:4)
  9 boulder beetles
  12 two-headed ogres
  2 catoblepae
  6 centaur warriors
  3 alligator snapping turtles
  2 merfolk avatars (Shoals:4)
  3 satyrs
  4 orc high priests (Orc:2)
  3 deep troll shamans
  3 death yaks (Shoals:4)
  2 deep troll earth magi
  A spriggan berserker (Depths:4)
  5 tengu warriors
  An occultist (Depths:2)
  9 demonic crawlers
  A deep elf knight (Spider:2)
  2 soul eaters (Depths:4)
  3 spriggans (D:14)
  3 skysharks
  A fire crab (Lair:4)
  3 iron trolls
  29 deep trolls
  8 pharaoh ants
  4 skeletal warriors (D:15)
  10 sea snakes
  A glowing orange brain (Vaults:2)
  A shadow demon (D:12)
  A sun moth (Spider:3)
  A flayed ghost (Depths:1)
  A skyshark (shapeshifter) (Vaults:5)
  An arcanist (D:15)
  A swamp dragon (Lair:5)
  9 orb spiders
  A glowing orange brain (shapeshifter) (Vaults:5)
  A harpy (shapeshifter) (D:14)
  A deep troll (shapeshifter) (Vaults:5)
  2 bog bodies (IceCv)
  11 orc knights
  7 steelbarb worms
  18 harpies
  2 lightning spires (WizLab)
  3 phantasmal warriors (Vaults:5)
  A deep elf archer (Spider:2)
  15 ironbound convokers
  28 wolf spiders
  9 cyclopes
  3 deep elf pyromancers
  A sphinx simulacrum (Depths:2)
  4 orc sorcerers
  13 fauns
  29 ugly things
  13 manticores
  12 moths of wrath
  2 salamanders (WizLab)
  A cyclops (shapeshifter) (Vaults:3)
  An ice statue (IceCv)
  An elephant (shapeshifter) (Depths:4)
  8 guardian serpents
  A kobold blastminer (Orc:2)
  10 merfolk sirens
  14 elephants
  15 vault sentinels
  10 water nymphs
  A smoke demon (D:12)
  2 molten gargoyles
  4 gargoyles
  12 black mambas
  23 cane toads
  3 large abominations (D:15)
  6 torpor snails
  A freezing wraith (Depths:3)
  13 komodo dragons
  10 yaktaurs
  An efreet (D:12)
  An ice devil (IceCv)
  A tormentor (Depths:4)
  A tengu conjurer (D:13)
  A rime drake (Lair:3)
  A golden dragon simulacrum (Depths:2)
  A kobold demonologist (D:7)
  A red devil (Zot:2)
  Psyche (D:11)
  39 merfolk
  6 wind drakes
  A troll (shapeshifter) (D:14)
  8 trolls
  A wind drake (shapeshifter) (D:15)
  17 blink frogs
  78 saltlings (Desolation)
  5 hornets
  4 polar bears
  A tarantella (shapeshifter) (Vaults:5)
  30 tarantellas
  A raiju (Spider:2)
  9 snapping turtles
  9 dream sheep
  38 jumping spiders
  18 slime creatures
  A centaur simulacrum (D:14)
  A jumping spider (shapeshifter) (D:14)
  26 culicivoras
  5 wraiths
  5 water elementals
  17 wyverns
  2 shadows
  2 dire elephant simulacra (IceCv)
  4 wargs
  2 fire elementals (WizLab)
  33 yaks
  49 redbacks
  2 steam dragons (Lair:5)
  2 humans (D:14)
  3 basilisks (Lair:5)
  3 death yak simulacra (IceCv)
  9 vampire mosquitoes
  A harpy simulacrum (IceCv)
  A hydra simulacrum (IceCv)
  5 acid dragons
  Edmund (D:4)
  19 water moccasins
  5 hell hounds (D:4)
  24 orc warriors
  A swamp drake (Lair:5)
  6 ice beasts
  2 laughing skulls (D:14)
  A sky beast (D:7)
  2 ettin simulacra (Depths:2)
  3 black bears
  7 ogres
  A boggart (D:14)
  4 centaurs
  4 wolves (Lair:2)
  A kobold brigand (D:9)
  14 bullfrogs
  9 scorpions
  5 two-headed ogre simulacra (IceCv)
  4 earth elementals (WizLab)
  A cane toad simulacrum (IceCv)
  9 wights
  2 elephant simulacra (IceCv)
  11 killer bees
  3 howler monkeys (D:10)
  7 jellies
  4 hounds
  Crazy Yiuf (D:3)
  6 orc priests
  2 sleepcaps
  9 iguanas
  Terence (D:3)
  Natasha (twice) (D:3)
  6 hell rats (Lair:1)
  11 orc wizards
  6 spriggan simulacra (IceCv)
  8 troll simulacra (IceCv)
  4 polar bear simulacra (IceCv)
  A wolf simulacrum (IceCv)
  4 adders
  8 naga simulacra (IceCv)
  16 white imps
  9 ufetubi
  55 orcs
  4 bats
  4 endoplasms
  6 giant cockroaches
  10 goblins
  9 hobgoblins
  18 jackals
  22 kobolds
  4 quokkas
  4 ball pythons
  A rat (D:1)
  2 spectral weapons (Spider:4)
1670 creatures vanquished.

Vanquished Creatures (others)
  A draconian knight (Depths:4)
  A vampire knight (Depths:1)
  A war gargoyle (Vaults:4)
  A harpy (Shoals:4)
  A manticore (D:15)
  A vampire mosquito (D:12)
  An ogre (Vaults:5)
  An orc priest (Orc:2)
  2 orcs
  5 spectral weapons
15 creatures vanquished.

Grand Total: 1685 creatures vanquished

Notes
Turn   | Place    | Note
-------+----------+-------------------------------------------
     0 | D:1      | erker the Minotaur Fighter began the quest for the Orb.
     0 | D:1      | Reached XP level 1. HP: 19/19 MP: 0/0
    82 | D:1      | Reached XP level 2. HP: 27/27 MP: 1/1
   342 | D:1      | Found Tupruull's Antique Armour Boutique.
   506 | D:1      | Reached XP level 3. HP: 32/33 MP: 2/2
   661 | D:2      | Found a hide-covered altar of Uskayaw.
  1431 | D:3      | Noticed a black bear
  1435 | D:3      | Noticed a scorpion
  1438 | D:3      | Killed a black bear
  1439 | D:3      | Reached skill level 1 in Throwing
  1439 | D:3      | Reached skill level 1 in Dodging
  1439 | D:3      | Reached XP level 4. HP: 31/41 MP: 3/3
  1439 | D:3      | Reached XP level 5. HP: 36/47 MP: 4/4
  1603 | D:3      | Noticed Natasha
  1606 | D:3      | Killed Natasha
  1634 | D:3      | Noticed Terence
  1659 | D:3      | Killed Terence
  1827 | D:3      | Found an opulent altar of Gozag.
  1842 | D:3      | Found a faded altar of an unknown god.
  1906 | D:3      | Reached XP level 6. HP: 48/55 MP: 5/5
  2081 | D:3      | Noticed Natasha
  2085 | D:3      | Killed Natasha
  2203 | D:3      | Found a runed translucent door.
  2204 | D:3      | Noticed Crazy Yiuf
  2211 | D:3      | Killed Crazy Yiuf
  2212 | D:3      | Reached skill level 5 in Fighting
  2440 | D:4      | Noticed Edmund
  2447 | D:4      | Killed Edmund
  2448 | D:4      | Reached skill level 1 in Long Blades
  2522 | D:4      | Reached skill level 5 in Armour
  2522 | D:4      | Reached XP level 7. HP: 13/61 MP: 6/6
  2782 | D:4      | Reached skill level 1 in Evocations
  2955 | D:4      | Reached skill level 5 in Shields
  3027 | D:4      | Found a sparkling altar of Nemelex Xobeh.
  3272 | D:5      | Entered Level 5 of the Dungeon
  3287 | D:5      | Reached skill level 5 in Axes
  3388 | D:5      | Identified the +5 ring mail "Urriyzeq" {rPois Stlth+}
  3500 | D:5      | Found a basalt altar of Yredelemnul.
  3859 | D:6      | Found a shimmering altar of Xom.
  3928 | D:6      | Reached XP level 8. HP: 70/70 MP: 7/7
  4603 | D:7      | Found a flagged portal.
  4603 | D:7      | Noticed a kobold demonologist
  4611 | D:7      | Killed a kobold demonologist
  4677 | Bailey   | Entered a bailey
  4712 | Bailey   | Noticed an orc warlord
  4801 | Bailey   | Reached XP level 9. HP: 68/79 MP: 8/8
  4822 | Bailey   | Found a runed translucent gate.
  4822 | Bailey   | Found a runed translucent gate.
  4911 | Bailey   | Reached skill level 5 in Long Blades
  4923 | Bailey   | Found a runed translucent gate.
  5076 | Bailey   | Killed an orc warlord
  5139 | Bailey   | Identified the staff "Jellyslayer" {rPois rF- Str+2 Necro
                  | Alchemy}
  5716 | D:7      | Found a stormy altar of Qazlal.
  6013 | D:7      | Found a staircase to the Ecumenical Temple.
  6022 | Temple   | Entered the Ecumenical Temple
  6448 | D:8      | Reached XP level 10. HP: 75/86 MP: 9/9
  6877 | D:8      | Found a bloodstained altar of Trog.
  6894 | D:8      | Found a hide-covered altar of Uskayaw.
  7071 | D:9      | Reached skill level 10 in Axes
  7085 | D:9      | Noticed an elephant
  7086 | D:9      | Noticed an elephant
  7102 | D:9      | Killed an elephant
  7103 | D:9      | Killed an elephant
  7144 | D:9      | Acquired a manual of Fighting
  7249 | D:9      | Found a staircase to the Orcish Mines.
  7476 | D:9      | Found a runed translucent door.
  7476 | D:9      | Noticed a tengu warrior
  7477 | D:9      | Noticed Nattefrost's ghost (journeyman MfBe)
  7518 | D:9      | Found a staircase to the Lair.
  7704 | D:9      | Found Egas Xat's Distillery.
  7833 | D:10     | Entered Level 10 of the Dungeon
  7833 | D:10     | Noticed Josephine
  7841 | D:9      | Killed Josephine
  7943 | D:10     | Reached skill level 5 in Dodging
  8269 | D:10     | Reached XP level 11. HP: 89/95 MP: 10/10
  8373 | D:10     | Noticed a two-headed ogre
  8381 | D:10     | Killed a two-headed ogre
  8485 | D:10     | Noticed a two-headed ogre
  8491 | D:10     | Killed a two-headed ogre
  8645 | D:10     | Found an iron altar of Okawaru.
  8654 | D:10     | Became a worshipper of Warmaster Okawaru
  8811 | D:9      | Bought a potion of invisibility for 104 gold pieces
  8811 | D:9      | Bought a potion of haste for 130 gold pieces
  8811 | D:9      | Bought a potion of berserk rage for 65 gold pieces
  8871 | Lair:1   | Entered Level 1 of the Lair of Beasts
  9104 | Lair:1   | Reached * piety under Okawaru
  9110 | Lair:1   | Reached skill level 10 in Fighting
  9404 | Lair:2   | Reached ** piety under Okawaru
  9540 | Lair:2   | Reached skill level 5 in Evocations
  9564 | Lair:2   | Reached *** piety under Okawaru
  9670 | Lair:2   | Noticed a seven-headed hydra
  9679 | Lair:2   | Killed a three-headed hydra
  9695 | Lair:2   | Noticed Fannar
  9718 | Lair:2   | Reached XP level 12. HP: 110/110 MP: 11/11
  9747 | Lair:2   | Reached skill level 1 in Invocations
  9748 | Lair:2   | Reached **** piety under Okawaru
 10098 | Lair:3   | Found a hole to the Spider Nest.
 10356 | Lair:3   | Reached ***** piety under Okawaru
 10457 | Lair:3   | Found a staircase to the Shoals.
 11414 | Lair:4   | Noticed a catoblepas
 11479 | Lair:4   | Killed a catoblepas
 11603 | Lair:4   | Received a gift from Okawaru
 11743 | Lair:4   | Noticed an eight-headed hydra
 11754 | Lair:4   | Killed a four-headed hydra
 12112 | Lair:4   | Reached XP level 13. HP: 96/119 MP: 14/14
 12776 | Lair:4   | Reached ****** piety under Okawaru
 12777 | Lair:4   | Acquired the +2 cloak "Jybraja" {rElec Will+ Str+4}
 12917 | Lair:5   | Entered Level 5 of the Lair of Beasts
 12938 | Lair:5   | Received a gift from Okawaru
 13030 | Lair:5   | Reached skill level 10 in Armour
 13808 | Lair:5   | Reached skill level 10 in Shields
 13840 | Lair:5   | Received a gift from Okawaru
 13849 | Lair:5   | Reached skill level 5 in Throwing
 13979 | Lair:5   | Found a staircase to the Slime Pits.
 14353 | Lair:5   | Found a runed translucent gate.
 14353 | Lair:5   | Found a runed translucent gate.
 14353 | Lair:5   | Found a runed translucent gate.
 14353 | Lair:5   | Noticed lDtest's ghost (journeyman DsEE)
 14353 | Lair:5   | Noticed Kaofid's ghost (journeyman GrEE)
 14353 | Lair:5   | Noticed Wolly's ghost (journeyman CeHs)
 14427 | Lair:5   | Reached skill level 5 in Invocations
 14605 | Lair:5   | Received a gift from Okawaru
 14610 | Lair:5   | Reached skill level 15 in Axes
 14835 | Lair:5   | Reached XP level 14. HP: 131/132 MP: 16/16
 15969 | Lair:5   | Identified the +0 plate armour of Boredom {rCorr Str+4
                  | Int-5}
 16018 | Lair:5   | Killed Wolly's ghost
 16018 | Lair:5   | Received a gift from Okawaru
 16028 | Lair:5   | Killed Kaofid's ghost
 16187 | Lair:5   | Killed lDtest's ghost
 16236 | Spider:1 | Entered Level 1 of the Spider Nest
 17034 | Spider:1 | Reached skill level 15 in Fighting
 17034 | Spider:1 | Received a gift from Okawaru
 17117 | Spider:1 | Reached skill level 1 in Stealth
 17310 | Orc:1    | Entered Level 1 of the Orcish Mines
 17370 | Orc:2    | Entered Level 2 of the Orcish Mines
 17464 | Orc:2    | Found a staircase to the Elven Halls.
 17564 | Orc:2    | Noticed Snorg
 17579 | Orc:2    | Killed Snorg
 17750 | Orc:2    | Noticed Donald
 17770 | Orc:2    | Killed Donald
 18020 | Orc:2    | Noticed Jorgrun
 18042 | Orc:2    | Killed Jorgrun
 18276 | Orc:2    | Received a gift from Okawaru
 18607 | Orc:2    | Reached skill level 10 in Dodging
 18743 | Orc:2    | Found Pusir's General Store.
 18743 | Orc:2    | Found Xyemyxat's Armour Shoppe.
 18745 | Orc:2    | Found Duonepn's Book Shoppe.
 18745 | Orc:2    | Found Xafextycw's Distillery.
 18756 | Orc:2    | Bought the +0 mask of the Dragon {Will+ Slay+3 SInv} for
                  | 434 gold pieces
 18756 | Orc:2    | Found the +0 mask of the Dragon {Will+ Slay+3 SInv}
 18756 | Orc:2    | Bought a scroll of identify for 26 gold pieces
 18764 | Orc:2    | Bought a potion of brilliance for 56 gold pieces
 18781 | Orc:2    | Bought a potion of resistance for 140 gold pieces
 18902 | Spider:1 | Noticed a ghost moth
 18906 | Spider:1 | Killed a ghost moth
 19066 | Spider:1 | Reached XP level 15. HP: 141/143 MP: 17/17
 19322 | Spider:1 | Acquired the +10 plate armour of Okawaru's Displeasure
                  | {rPois rF+++ Int-4 Slay+3}
 19322 | Spider:1 | Received a gift from Okawaru
 19775 | Spider:1 | Received a gift from Okawaru
 20541 | Spider:2 | You fall into a shaft and drop 1 floor!
 20550 | Spider:2 | Noticed an emperor scorpion
 20562 | Spider:2 | Killed an emperor scorpion
 20574 | Spider:2 | Noticed an emperor scorpion
 20594 | Spider:2 | Killed an emperor scorpion
 21112 | Spider:2 | Received a gift from Okawaru
 21931 | Spider:3 | Received a gift from Okawaru
 22151 | Spider:3 | Reached XP level 16. HP: 154/154 MP: 18/18
 22236 | Spider:3 | Received a gift from Okawaru
 22788 | Spider:4 | Entered Level 4 of the Spider Nest
 22870 | Spider:4 | Received a gift from Okawaru
 23256 | Spider:4 | Received a gift from Okawaru
 23388 | Spider:4 | Received a gift from Okawaru
 23414 | Spider:4 | Identified the +0 kite shield "Poisorua" {Int+3}
 23414 | Spider:4 | Noticed Asterion
 23567 | Spider:4 | Gained mutation: You do not regenerate when monsters are
                  | visible. [a cacodemon]
 23577 | Spider:4 | Killed Asterion
 23578 | Spider:4 | Reached skill level 10 in Evocations
 23874 | Spider:4 | Got a gossamer rune of Zot
 23878 | Spider:4 | Identified the +0 hat of Action {rCorr}
 24215 | D:11     | Found a frozen archway.
 24257 | IceCv    | Entered an ice cave
 24333 | IceCv    | Identified the +5 war axe "Transmigrator" {chaos, rF+ Str+6
                  | Int-3 SInv}
 24667 | IceCv    | Got Zelush's Elucidation of Evil and Ignition
 24952 | D:11     | Reached XP level 17. HP: 163/163 MP: 20/20
 24980 | D:11     | Noticed Psyche
 24982 | D:11     | Killed Psyche
 25284 | D:12     | Received a gift from Okawaru
 25443 | D:12     | You fall into a shaft and drop 3 floors!
 25443 | D:15     | Entered Level 15 of the Dungeon
 25501 | D:14     | Found Qopsaop's Magic Scroll Shoppe.
 25502 | D:14     | Found Komakhli's Assorted Antiques.
 25507 | D:14     | Found Riym's Weapon Boutique.
 25507 | D:14     | Found Aqitt's Armour Shoppe.
 25600 | D:14     | Bought a scroll labelled WUYRPH ANLITUL for 23 gold pieces
 25602 | D:14     | Bought a scroll of identify for 28 gold pieces
 25602 | D:14     | Bought a scroll of identify for 28 gold pieces
 25602 | D:14     | Bought a scroll of identify for 28 gold pieces
 25606 | D:14     | Bought a scroll of identify for 28 gold pieces
 25752 | D:14     | Found a gate to the Vaults.
 26195 | D:14     | Found a runed translucent door.
 26202 | D:14     | Noticed Daviar's ghost (journeyman MiBe)
 26203 | D:14     | Identified the +7 trident of the Kidney {flame, rN+ Dex+4}
 26211 | D:14     | Killed Daviar's ghost
 26211 | D:14     | Received a gift from Okawaru
 26353 | D:13     | Identified the ring of the Mauling Ancients {Fly rF+ SInv}
 26410 | D:13     | Identified the +2 cloak "Canwow" {Regen+ MP+9 Dex+4}
 27258 | D:1      | Bought the +3 pair of gauntlets of War {Slay+5} for 1282
                  | gold pieces
 27258 | D:1      | Found the +3 pair of gauntlets of War {Slay+5}
 27487 | Shoals:1 | Entered Level 1 of the Shoals
 27568 | Shoals:2 | Received a gift from Okawaru
 27606 | Shoals:2 | Reached skill level 15 in Armour
 27670 | Shoals:3 | Identified the +5 flail of Fuogga Lion {vamp, rPois rN+++
                  | Str+2 Int-2}
 27736 | Shoals:4 | Entered Level 4 of the Shoals
 27775 | Shoals:4 | Received a gift from Okawaru
 27823 | Shoals:4 | Reached skill level 15 in Shields
 27878 | Shoals:4 | Got a barnacled rune of Zot
 27977 | Shoals:4 | Received a gift from Okawaru
 28223 | Shoals:4 | Reached XP level 18. HP: 157/172 MP: 23/23
 28247 | Shoals:4 | Noticed Polyphemus
 28253 | Shoals:4 | Identified the ring "Zehel" {rPois Will+ Int+6}
 28264 | Shoals:4 | Killed Polyphemus
 28264 | Shoals:4 | Received a gift from Okawaru
 28811 | Shoals:3 | Received a gift from Okawaru
 28998 | Shoals:4 | Got an azure gem with 366 turns to spare
 29966 | Shoals:2 | Identified the +10 arbalest "Ybroghemp" {speed, ^Drain
                  | Will+ Stlth+}
 30228 | Shoals:2 | Reached skill level 15 in Dodging
 30711 | D:9      | Killed Nattefrost's ghost
 30842 | D:12     | Received a gift from Okawaru
 32045 | D:15     | Reached skill level 5 in Stealth
 32057 | D:15     | Found a staircase to the Depths.
 32094 | D:15     | Received a gift from Okawaru
 32378 | Vaults:1 | Entered Level 1 of the Vaults
 32553 | Vaults:2 | Found a crumbling gateway.
 32559 | Desolati | Entered the Desolation of Salt
 32576 | Desolati | Received a gift from Okawaru
 32580 | Desolati | Reached XP level 19. HP: 171/179 MP: 24/24
 32779 | Desolati | Received a gift from Okawaru
 32876 | Desolati | Identified the ring "Plog" {rPois Int+3 Dex+2}
 32925 | Desolati | Identified the +8 plate armour of Fiurumut {*Slow rN+++
                  | Will+ Regen+}
 32961 | Desolati | Identified the ring "Ynezxaumm" {Fire rElec Int+5 Dex-5
                  | SInv}
 32984 | Desolati | Received a gift from Okawaru
 32996 | Desolati | Got the Reference Book on Decaying Assembling
 33002 | Desolati | Identified the ring of Nehixteq {rPois Str+5 Int+6 Stlth-}
 33033 | Desolati | Identified the ring "Poamamym" {rC+ Str+6}
 33183 | Vaults:3 | Found Ruxaosche's Distillery.
 33196 | Vaults:3 | Bought a potion of heal wounds for 95 gold pieces
 33196 | Vaults:3 | Bought a potion of might for 76 gold pieces
 33196 | Vaults:3 | Bought a potion of ambrosia for 152 gold pieces
 33253 | Vaults:3 | Found a magical portal.
 33260 | WizLab   | Entered Maxwell's Workshop
 33314 | WizLab   | Reached skill level 10 in Invocations
 33327 | WizLab   | Received a gift from Okawaru
 33747 | WizLab   | Noticed an electric golem
 33762 | WizLab   | Killed an electric golem
 33799 | WizLab   | Identified the +0 cloak of Ecaimixt {^Contam Fly Regen+}
 33800 | WizLab   | Identified the ring "Lotim" {Ice rN+}
 33806 | WizLab   | Found the +3 Mad Mage's Maulers {Infuse+∞ VampMP -Cast}
 34043 | WizLab   | Identified the ring "Jyal" {Ice ^Drain rElec Will++ rCorr}
 34044 | WizLab   | Identified the ring "Quky" {Ice rElec Will+ Dex+2}
 34709 | Vaults:4 | Reached XP level 20. HP: 187/187 MP: 27/27
 34746 | Vaults:4 | Received a gift from Okawaru
 34861 | Vaults:5 | Entered Level 5 of the Vaults
 35561 | Vaults:5 | Noticed a golden dragon
 35567 | Vaults:5 | Killed a golden dragon
 35573 | Vaults:5 | Noticed an ancient lich
 35589 | Vaults:5 | Killed an ancient lich
 35589 | Vaults:5 | Received a gift from Okawaru
 36056 | Vaults:5 | Received a gift from Okawaru
 36144 | Vaults:5 | Found Sufalom's Distillery.
 36158 | Vaults:5 | Got a shining gem with 1789 turns to spare
 36161 | Vaults:5 | Got a silver rune of Zot
 36178 | Vaults:5 | Bought a potion of mutation for 136 gold pieces
 36178 | Vaults:5 | Bought a potion of mutation for 136 gold pieces
 36178 | Vaults:5 | Bought a potion of curing for 51 gold pieces
 36249 | Vaults:5 | Identified the ring of the Everdark {Will+ Str+6 Int+2
                  | Slay+3}
 36323 | Vaults:5 | Received a gift from Okawaru
 36360 | Vaults:5 | Reached XP level 21. HP: 119/182 MP: 29/29
 36433 | Vaults:5 | Noticed a dread lich
 36439 | Vaults:5 | Killed a dread lich
 36663 | Vaults:5 | Identified the +0 leather armour of the Alphagorgon {rN+
                  | Regen+}
 36710 | Vaults:5 | Noticed a golden dragon
 36723 | Vaults:5 | Killed a golden dragon
 36803 | Vaults:5 | Received a gift from Okawaru
 37566 | Depths:1 | Entered Level 1 of the Depths
 37608 | Depths:1 | Received a gift from Okawaru
 37645 | Depths:1 | Reached skill level 10 in Throwing
 37670 | Depths:1 | You fall into a shaft and drop 1 floor!
 37785 | Depths:3 | Paralysed by a wendigo for 1 turns
 37796 | Depths:3 | Found a hide-covered altar of Uskayaw.
 37812 | Depths:3 | Noticed a golden dragon
 37819 | Depths:3 | Killed a golden dragon
 37826 | Depths:3 | Received a gift from Okawaru
 37845 | Depths:4 | Entered Level 4 of the Depths
 37922 | Depths:4 | Noticed a juggernaut
 37930 | Depths:4 | Killed a juggernaut
 38149 | Depths:4 | Noticed a golden dragon
 38164 | Depths:4 | Killed a golden dragon
 38164 | Depths:4 | Received a gift from Okawaru
 38219 | Depths:4 | Found a gateway to Hell.
 38268 | Depths:4 | Found a gate to the Realm of Zot.
 38273 | Depths:4 | Got a midnight gem with 2357 turns to spare
 38386 | Depths:4 | Found a one-way gate leading to the halls of Pandemonium.
 39108 | Zot:1    | Entered Level 1 of the Realm of Zot
 39118 | Zot:1    | Reached XP level 22. HP: 206/206 MP: 30/30
 39126 | Zot:1    | Noticed a golden dragon
 39136 | Zot:1    | Killed a golden dragon
 39178 | Zot:1    | Received a gift from Okawaru
 39185 | Zot:1    | Noticed Parghit
 39214 | Zot:1    | Killed Parghit
 39353 | Zot:1    | Noticed a golden dragon
 39363 | Zot:1    | Killed a golden dragon
 39495 | Zot:2    | Noticed a curse toe
 39501 | Zot:2    | Killed a curse toe
 39541 | Zot:2    | Received a gift from Okawaru
 39689 | Zot:3    | Noticed a golden dragon
 39693 | Zot:3    | Noticed an orb of fire
 39700 | Zot:3    | Killed an orb of fire
 39705 | Zot:3    | Killed a golden dragon
 39711 | Zot:3    | Noticed a curse toe
 39715 | Zot:3    | Killed a curse toe
 39813 | Zot:4    | Noticed a golden dragon
 39819 | Zot:4    | Killed a golden dragon
 39860 | Zot:5    | Entered Level 5 of the Realm of Zot
 40101 | Zot:5    | Got a prismatic gem with 66 turns to spare
 40154 | Zot:5    | Received a gift from Okawaru
 40159 | Zot:5    | Noticed an ancient lich
 40166 | Zot:5    | Killed an ancient lich
 40216 | Zot:5    | Noticed an orb of fire
 40221 | Zot:5    | Noticed a dread lich
 40245 | Zot:5    | Gained mutation: You are clumsy. (Dex -2) [an orb of fire]
 40250 | Zot:5    | Killed an orb of fire
 40252 | Zot:5    | Killed a dread lich
 40598 | Zot:5    | Noticed a Killer Klown
 40627 | Zot:5    | Killed a Killer Klown
 40651 | Zot:5    | Noticed a dread lich
 40651 | Zot:5    | Noticed an ancient lich
 40662 | Zot:5    | Gained mutation: You sometimes lose your temper in combat.
                  | [a cacodemon]
 40666 | Zot:5    | Killed a dread lich
 40666 | Zot:5    | Noticed an ancient lich
 40669 | Zot:5    | Killed an ancient lich
 40669 | Zot:5    | Received a gift from Okawaru
 40676 | Zot:5    | Killed an ancient lich
 40677 | Zot:5    | Reached XP level 23. HP: 183/217 MP: 31/31
 40748 | Zot:5    | Lost mutation: You sometimes lose your temper in combat.
                  | [potion of mutation]
 40748 | Zot:5    | Lost mutation: You do not regenerate when monsters are
                  | visible. [potion of mutation]
 40748 | Zot:5    | Lost mutation: You are clumsy. (Dex -2) [potion of
                  | mutation]
 40748 | Zot:5    | Gained mutation: You are covered in fur. (AC +1) [potion of
                  | mutation]
 40748 | Zot:5    | Gained mutation: Armour fits poorly on your strangely
                  | shaped body. [potion of mutation]
 40805 | Zot:5    | Got the Orb of Zot
 41199 | D:15     | Received a gift from Okawaru
 41556 | D:$      | Escaped with the Orb!

Illustrated notes

Levels and vault maps discovered:
D:1:      minmay_arrival_up_and_down, layout_basic, serial_bayou,
          serial_bayou_shore_b, serial_bayou_pond_d, serial_bayou_crossing,
          serial_bayou_shore_b, serial_bayou_lagoon_a, serial_bayou_pond_a,
          serial_shops, shop
D:2:      layout_loops_ring, basic_altar
D:3:      layout_loops_ring, grunt_gozag_statues, ebering_ecumenical_altar_hall,
          solitary_fountain, uniq_terence, uniq_crazy_yiuf_cottage, uniq_natasha
D:4:      layout_basic, marbit_many_paths, uniq_edmund
D:5:      layout_rooms, nicolae_overflow_crystal_walls
D:6:      layout_basic, brannock_xom_greatest_gift
D:7:      layout_basic, lemuel_coloured_pillars_altar,
          minmay_temple_entry_antechambers, enter_bailey_5
D:8:      layout_basic, lemuel_round_altar, kennysheep_little_box
D:9:      layout_long_grid, grunt_lair_entry_orc_guard_hut, orc_0_dummy,
          ebering_ghost_inner_flame, serial_shops, nicolae_take_the_stairs
D:10:     layout_cave_pools, okawaru_gym_becter, uniq_josephine
D:11:     layout_basic, portal_ice_cave_entry_imps, uniq_psyche
D:12:     layout_long_grid
D:13:     layout_roguey
D:14:     layout_long_grid, hellmonk_vaults_keyhole,
          ebering_ghost_funeral_grove, nicolae_wooded_promenade
D:15:     hangedman_depths_entry_try_elsewhere_first, layout_loops_ring,
          dreamdust_mushroom_princess, minmay_increasing_density
Temple:   zaba_magenta_temple
Lair:1:   layout_gridlike, minivault_19, serial_bayou_shore_b
Lair:2:   layout_hall_layers, beast_lair_carwin_9, lemuel_fruit_tree,
          uniq_fannar
Lair:3:   layout_cellular_growth, elwin_shoals_entry_rocks,
          nicolae_spider_entry_lesser_pyramids
Lair:4:   nzn_winding_woodlands_three_and_one
          [nzn_winding_woodlands_5x15_river_crossing,
          nzn_winding_woodlands_5x15_pool, nzn_winding_woodlands_5x15_garden,
          nzn_winding_woodlands_center_diamonds], layout_small_grid,
          serial_bayou_ford_a, infiniplex_staircase_pool_2
Lair:5:   guppyfry_lair_end_dragon, layout_layer_cave,
          hangedman_lair_tendril_chambers, nicolae_slime_entry_field_trip,
          gammafunk_ghost_cemetery
Shoals:1: layout_shoals, nicolae_shoals_hidden_pirate_stash
Shoals:2: layout_shoals, nicolae_shoals_wave_tunnel
Shoals:3: layout_shoals, ldierk_geyser
Shoals:4: shoals_end_simple, layout_shoals, uniq_polyphemus
Spider:1: layout_cave_pods, nicolae_spider_wall_of_niches
Spider:2: layout_spider_delve, beargit_elvish_explorers
Spider:3: nicolae_spider_hilbert_zone_7 [nicolae_spider_hilbert_4_sides_1_open,
          nicolae_spider_hilbert_4_sides_1_open,
          nicolae_spider_hilbert_4_sides_1_open,
          nicolae_spider_hilbert_4_sides_1_open,
          nicolae_spider_hilbert_3_sides_1_open,
          nicolae_spider_hilbert_3_sides_1_open,
          nicolae_spider_hilbert_3_sides_1_open,
          nicolae_spider_hilbert_3_sides_1_open,
          nicolae_spider_hilbert_4_sides_1_open,
          nicolae_spider_hilbert_4_sides_1_open,
          nicolae_spider_hilbert_4_sides_1_open,
          nicolae_spider_hilbert_2_sides_1_open,
          nicolae_spider_hilbert_2_sides_1_open,
          nicolae_spider_hilbert_2_sides_1_open,
          nicolae_spider_hilbert_2_sides_1_open,
          nicolae_spider_hilbert_2_sides_1_open,
          nicolae_spider_hilbert_2_sides_1_open],
          nicolae_spider_nooks_and_crannies
Spider:4: grunt_spider_rune_parallel, uniq_asterion
Orc:1:    layout_caves, serial_shops, nicolae_shop_just_a_little_nook, shop,
          shop, shop, einodemon_armed_red_devil_minivault, uniq_erolcha
Orc:2:    grunt_orc_tribal_feast, layout_caves, serial_shops,
          nicolae_shop_real_fake_doors, uniq_jorgrun, uniq_snorg, uniq_donald
Vaults:1: v_misc_5, ontoclasm_vaults_fault, v_alt_pattern_5,
          hangedman_vaults_stretched_pinwheel, nicolae_vaults_six-pack,
          nicolae_vaults_double_plus_2, ontoclasm_vaults_chip,
          nicolae_vaults_yaktaur_gun_rack, nicolae_vaults_cochlea,
          nicolae_vaults_little_squares_3, layout_vaults_omnigrid
Vaults:2: portal_desolation_entry_ruin, blue_anna_dwarven_crypt,
          ontoclasm_vaults_misaligned, hangedman_vaults_stitches, v_misc_4,
          st_diamondy, grunt_vaults_hallway_short,
          nicolae_vaults_storage_room_water, vaults_room_semicircle,
          nicolae_vaults_house_2, v_misc_12, vaults_room_pool,
          nicolae_vaults_network_square, nicolae_vaults_trapezoid_2,
          layout_vaults_omnicross
Vaults:3: infiniplex_enter_wizlab_spiral, ontoclasm_vaults_twist, v_misc_32,
          ontoclasm_vaults_idyll, v_pattern_2, v_misc_5, hangedman_vaults_locks,
          nicolae_vaults_storage_room_doors, nicolae_vaults_shrinking_rooms_1,
          nicolae_vaults_mitosis, vaults_room_stairs_pillars,
          nicolae_vaults_layer_cake_slice, grunt_vaults_focal,
          nicolae_vaults_trapezoid_lopsided_1, layout_vaults_maze, serial_shops,
          nicolae_shop_statue_plus, shop
Vaults:4: nicolae_vaults_closet_pinwheel_2, vaults_mumra_lcd,
          nicolae_vaults_variable_pillar_hall, nicolae_vaults_oval_intersection,
          vaults_room_grid, nicolae_vaults_closet_pinwheel_4, v_misc_16,
          nicolae_vaults_what_the_h, nicolae_vaults_specimen_jars,
          vaults_room_fours, nicolae_vaults_rhombus_6,
          layout_vaults_chaotic_city
Vaults:5
Depths:1: layout_twisted_cross, grunt_metal_band, minmay_misc_feat_rows,
          minmay_stone_trees_small, minmay_fractal_squares_diagonal_5,
          roderic_lattice_octagonal_star
Depths:2: dreamdust_isle_of_ice, layout_gridlike, enter_ziggurat_e,
          good_gods_mini_temple, pf_hell_entry_great_geh,
          grunt_pan_entry_in_and_out, grunt_megastairs_4
Depths:3: minmay_the_grid_triangle_9x9_rhombus_full
          [minmay_the_grid_triangle_9x9_sparse_checkered,
          minmay_the_grid_triangle_9x9_minimal,
          minmay_the_grid_triangle_9x9_descending_squares,
          minmay_the_grid_triangle_9x9_skeleton,
          minmay_the_grid_triangle_9x9_pentomino_pain,
          minmay_the_grid_triangle_9x9_impossible_snake,
          minmay_the_grid_triangle_9x9_wacky_v,
          minmay_the_grid_triangle_9x9_prize_special], layout_long_grid,
          minmay_room_of_horrors, nicolae_uskayaw_dance_hall,
          rand_demon_pan_entry_8, pf_coc_iceberg, minmay_staircase_statues
Depths:4: evilmike_zot_entry_hall, layout_cave_shapes, grunt_pan_entry_spiral,
          grunt_decor_arrowhead, hell_entry, minmay_misc_feat_enclosed
Zot:1:    layout_concentric_octagons, grunt_megastairs_5, uniq_parghit
Zot:2:    layout_cellular_growth, regret_index_zotdec_under_construction,
          bh_zot_ikea_curve, grunt_megastairs_2
Zot:3:    layout_concentric_octagons, regret_index_zotdec_split_disrupt,
          regret_index_zotdec_icy_dp
Zot:4:    layout_basic
Zot:5:    layout_concentric_octagons

Skill      XL: |  1  2  3  4  5  6  7  8  9 10 11 12 13 14 15 16 17 18 19 20 21 22 |
---------------+-------------------------------------------------------------------+-----
Fighting       | 4 5 6 7 8 11 12 14 15 16 17 18 19 20 | 20.8
Armour         | 4 5 6 7 8 9 10 11 12 14 15 17 18 19 20 | 20.8
Axes           | 3 4 5 6 8 11 12 14 15 16 17 18 19 20 | 20.8
Shields        | 4 5 6 8 9 10 11 12 13 15 17 18 19 20 | 20.7
Throwing       | 1 2 3 5 6 7 8 9 10 12 | 12.0
Dodging        | 1 2 3 4 5 6 7 9 10 11 12 14 15 17 18 19 20 | 20.3
Long Blades    | 1 2 3 8 |  8.8
Evocations     | 1 2 3 5 6 7 8 9 10 | 10.0
Invocations    | 3 5 6 8 11 12 | 12.0
Stealth        | 3 4 6 |  6.0

Action                     |  1- 3 |  4- 6 |  7- 9 | 10-12 | 13-15 | 16-18 | 19-21 | 22-24 || total
---------------------------+-------+-------+-------+-------+-------+-------+-------+-------++-------
  Melee: War axe           |    90 |    14 |       |       |       |       |       |       ||   104
         Headbutt          |     9 |     4 |    31 |   106 |   215 |   294 |   314 |   129 ||  1102
         Long sword        |       |    32 |   199 |   422 |   338 |       |       |       ||   991
         Hand axe          |       |       |       |    17 |    13 |     2 |       |       ||    32
         Broad axe         |       |       |       |    28 |   624 |  1051 |  1017 |   372 ||  3092
  Throw: Dart              |       |     1 |     2 |       |     4 |     2 |       |       ||     9
         Boomerang         |       |       |       |    15 |    68 |    37 |       |     6 ||   126
         Javelin           |       |       |       |       |     3 |       |       |       ||     3
 Invoke: Heroism           |       |       |       |       |    10 |     3 |     4 |     4 ||    21
         Receive Armour    |       |       |       |       |     1 |       |       |       ||     1
  Evoke: Wand              |       |       |       |     1 |    19 |     2 |     1 |     5 ||    28
         Condenser vane    |       |       |       |       |       |       |       |     1 ||     1
    Use: Scroll            |       |       |     5 |     9 |     7 |    13 |    10 |     4 ||    48
         Potion            |       |       |     3 |       |     5 |     1 |     6 |     2 ||    17
   Stab: Sleeping          |       |       |     2 |     1 |       |       |       |       ||     3
         Paralysed         |       |       |       |     4 |       |       |     1 |       ||     5
         Distracted        |       |       |       |       |       |     4 |     2 |     3 ||     9
         Held in net/web   |       |       |       |       |       |     1 |       |       ||     1
         Invisible         |       |       |       |       |       |       |     8 |       ||     8
 Armour: Scale mail        |    68 |    45 |    29 |       |       |       |       |       ||   142
         Ring mail         |       |       |    96 |   330 |   431 |       |       |       ||   857
         Skin              |       |       |    12 |       |       |       |       |       ||    12
         Plate armour      |       |       |       |       |   219 |   594 |   422 |   188 ||  1423
  Dodge: Dodged            |    48 |    39 |   113 |   264 |   434 |   331 |   257 |   140 ||  1626
  Block: Buckler           |    20 |     7 |    42 |   138 |   297 |       |       |       ||   504
         Kite shield       |       |       |       |       |   350 |  1028 |   720 |   271 ||  2369
         Reflection        |       |       |       |       |    14 |    92 |    39 |     5 ||   150
